[Event "*** MasterClass Titled Tuesday Blitz"]
[Site "Chess.com"]
[Date "2017.07.04"]
[Round "2"]
[White "Ez_Chess2016"]
[Black "blitzcopter"]
[Result "0-1"]
[WhiteElo "1974"]
[BlackElo "2036"]
[TimeControl "180+2"]
[EndTime "13:22:11 PDT"]
[Termination "blitzcopter won by resignation"]

1. e4 c6 2. d4 d5 3. e5 Bf5 4. Bd3 Bxd3 5. Qxd3 e6 6. Ne2 Ne7 7. O-O h5 8. Qh3 Nf5 9. Nbc3 c5 10. dxc5 Bxc5 11.
Bf4 Nc6 12. Rad1 g5 13. Nxd5 exd5 14. Qxf5 gxf4 15. Nxf4 Nd4 16. Rxd4 Bxd4 17. Rd1 Bxb2 18. Nxd5 Kf8 19. e6 Qe8 20. e7+ Kg8 21. Rd3 Rh7 0-1

[Event "*** MasterClass Titled Tuesday Blitz"]
[Site "Chess.com"]
[Date "2017.07.04"]
[Round "2"]
[White "FairChess_on_YouTube"]
[Black "ChessQueen"]
[Result "1-0"]
[WhiteElo "2695"]
[BlackElo "2503"]
[TimeControl "180+2"]
[EndTime "13:22:16 PDT"]
[Termination "FairChess_on_YouTube won by resignation"]

1. d4 Nf6 2. Bg5 e6 3. Nd2 h6 4. Bh4 c5 5. e4 g5 6. Bg3 cxd4 7. e5 Ng8 8. h4 Nc6 9. hxg5 d6 10. Ngf3 dxe5 11. Nxe5 Bg7 12. Bb5 Qd5 13. Qf3 Qxf3 14. Ndxf3 Bd7 15. Nxd7 Kxd7 16. O-O-O Ne7 17. Nxd4 Kc8 18.
Nf3 Nf5 19. Bf4 h5 20. c3 Nfe7 21. g3 a6 22. Bd3 Nd5 23. Be4 Nxf4 24. gxf4 Kc7 25.
Rh4 Ne7 26. Rdh1 Ng6 27. Bxg6 fxg6 28. Re1 Rae8 29. Re4 Rhf8 30. Kd2 Rf5 31. Ke2 Rb5 32.
b3 Ra5 33. a4 Rc5 34. c4 b5 35. axb5 axb5 36. Rh3 bxc4 37. bxc4 Rc6 38. Nh4 e5 39. f5 gxf5 40. Nxf5 Bf8 41. Rxh5 Bc5 42. Rh7+ Kb6 43. Rh6 Rf8 44. Rxe5 1-0

[Event "*** MasterClass Titled Tuesday Blitz"]
[Site "Chess.com"]
[Date "2017.07.04"]
[Round "2"]
[White "escher"]
[Black "improve_every_day"]
[Result "1-0"]
[WhiteElo "2039"]
[BlackElo "1956"]
[TimeControl "180+2"]
[EndTime "13:22:16 PDT"]
[Termination "escher won by checkmate"]

1. e4 c5 2. Nf3 Nc6 3. d4 cxd4 4. Nxd4 g6 5. Nc3 Bg7 6. Be3 Nf6 7. Bc4 O-O 8. Qd2 Nxe4 9. Nxe4 d5 10. Nxc6 bxc6 11. O-O-O Qc7 12. Bf4 Qb6 13. Nc3 dxc4 14.
Rhe1 Be6 15. Bg5 Rab8 16. b3 Qb4 17. Nb1 Qxd2+ 18. Rxd2 cxb3 19. axb3 Rb5 20. Bxe7 Re8 21. Ba3 Bh6 22. Nc3 Rb7 23. Re3 Bxe3 24. fxe3 Bd5 25.
Nxd5 cxd5 26. Rxd5 f5 27. Kd2 Kf7 28. Bc5 Ke6 29.
Rd6+ Ke5 30. Ra6 Rd8+ 31. Bd4+ Ke4 32. c4 Rdd7 33. Re6# 1-0

[Event "*** MasterClass Titled Tuesday Blitz"]
[Site "Chess.com"]
[Date "2017.07.04"]
[Round "2"]
[White "rubhani"]
[Black "ChessNinja48"]
[Result "0-1"]
[WhiteElo "2313"]
[BlackElo "2304"]
[TimeControl "180+2"]
[EndTime "13:22:17 PDT"]
[Termination "ChessNinja48 won by resignation"]

1. b3 c6 2. Bb2 d5 3. Nf3 Nf6 4. g3 Bg4 5. Bg2 Nbd7 6. O-O e6 7. d3 Be7 8. Nbd2 O-O 9. c4 a5 10. a3 Qb6 11. Qc2 Rfc8 12. Bc3 Qd8 13. Qb2 b5 14. cxb5 cxb5 15. Bd4 b4 16. a4 Ne8 17. e4 Nc5 18. Bxc5 Rxc5 19. d4 Rc3 20. Ne5 Bh5 21. exd5 exd5 22. Rac1 Rac8 23. Nb1 f6 24. Nxc3 bxc3 25. Rxc3 Rxc3 26. Qxc3 fxe5 27. dxe5 Bb4 28. Qc6 d4 29. Bd5+ Kf8 30. Bf3 Bg6 31. Rd1 d3 32. Be4 Bxe4 33. Qxe4 d2 34. e6 Nf6 35. Qe5 Qd5 36.
Qb8+ Ke7 37. Qh8 Qf3 38. Qxg7+ Kxe6 0-1

[Event "*** MasterClass Titled Tuesday Blitz"]
[Site "Chess.com"]
[Date "2017.07.04"]
[Round "2"]
[White "Blitzking4444"]
[Black "hypert"]
[Result "0-1"]
[WhiteElo "2235"]
[BlackElo "2333"]
[TimeControl "180+2"]
[EndTime "13:22:18 PDT"]
[Termination "hypert won on time"]

1. e4 c5 2. Nf3 Nc6 3. Bb5 e6 4. O-O Qc7 5. c3 Nge7 6. d4 cxd4 7. cxd4 d5 8. e5 Bd7 9. Nc3 Nf5 10. g4 Nh6 11. h3 Be7 12. Be3 O-O 13. Qd2 f5 14.
exf6 Rxf6 15. Ne5 Nf7 16. f4 Nfxe5 17. dxe5 Rf7 18. Bxc6 bxc6 19. Rac1 c5 20. Ne2 Qb6 21. f5 d4 22. Bg5 Bxg5 23. Qxg5 Qxb2 24. Nf4 Raf8 25.
fxe6 Rxf4 26. exd7 Rf2 0-1

[Event "*** MasterClass Titled Tuesday Blitz"]
[Site "Chess.com"]
[Date "2017.07.04"]
[Round "2"]
[White "DrVelja"]
[Black "Tonychess32"]
[Result "0-1"]
[WhiteElo "2560"]
[BlackElo "2442"]
[TimeControl "180+2"]
[EndTime "13:22:23 PDT"]
[Termination "Tonychess32 won by resignation"]

1. e4 e6 2. d4 d5 3. Nd2 dxe4 4.
Nxe4 Nd7 5. Bg5 Ngf6 6. Nxf6+ Nxf6 7. Nf3 Be7 8. Bd3 O-O 9. Qe2 Rb8 10. Bxf6 Bxf6 11. O-O-O b6 12. h4 Bb7 13. Be4 Bxe4 14. Qxe4 Qd5 15. Qxd5 exd5 16. Rhe1 Rfe8 17. Kd2 Kf8 18. g4 h6 19. g5 hxg5 20. hxg5 Rxe1 21. Rxe1 Be7 22. Kd3 Bd6 23. Ne5 Bxe5 24. Rxe5 Rd8 25. b3 c6 26. c4 dxc4+ 27. bxc4 Rd6 28. Ke4 f6 29. gxf6 gxf6 30. Rh5 Kg7 31. d5 cxd5+ 32.
cxd5 Kg6 33. Rh3 Rd8 34. Rg3+ Kf7 35. f4 Re8+ 36. Kf5 Rd8 37. Rd3 Rd6 38. Ke4 a5 39.
Rh3 Rd8 40. Rh7+ Kg6 41. Re7 b5 42. f5+ Kh6 43. Re6 Kg5 44. d6 b4 45. Kd5 Kxf5 46.
Re1 Kg4 47. Ke6 Re8+ 0-1

[Event "*** MasterClass Titled Tuesday Blitz"]
[Site "Chess.com"]
[Date "2017.07.04"]
[Round "2"]
[White "AkshatChandra"]
[Black "GM_dmitrij"]
[Result "1-0"]
[WhiteElo "2666"]
[BlackElo "2506"]
[TimeControl "180+2"]
[EndTime "13:22:27 PDT"]
[Termination "AkshatChandra won by resignation"]

1. d4 Nf6 2. Nf3 g6 3. Bg5 Bg7 4. Nbd2 O-O 5. e4 d5 6. Bd3 c5 7. e5 Nfd7 8. c3 f6 9. exf6 exf6 10. Be3 b6 11. O-O Ba6 12. Bxa6 Nxa6 13. Qb3 Nc7 14. Bf4 c4 15. Nxc4 Ne6 16. Bg3 dxc4 17. Qxc4 Re8 18.
Rfe1 Nf8 19. Re2 Rc8 20. Qb3 Qd7 21. Rae1 Kh8 22. a4 Bh6 23. Qa3 Bf4 24. d5 Bxg3 25. dxe6 Rxe6 26. hxg3 Rxe2 27. Rxe2 Ne6 28. Qb4 Nc5 29.
Qf4 Rf8 30. Rd2 Qxa4 31. b4 Nd7 32. Qd6 Rf7 33. Qd5 Kg7 34. Ra2 1-0

[Event "*** MasterClass Titled Tuesday Blitz"]
[Site "Chess.com"]
[Date "2017.07.04"]
[Round "2"]
[White "pedromartinez91"]
[Black "Bad4life"]
[Result "1-0"]
[WhiteElo "2316"]
[BlackElo "2289"]
[TimeControl "180+2"]
[EndTime "13:22:31 PDT"]
[Termination "pedromartinez91 won by checkmate"]

1. Nf3 Nf6 2. d4 g6 3. g3 Bg7 4. Bg2 O-O 5. O-O d6 6. c4 Nc6 7. Nc3 a6 8. Qd3 Bd7 9. Bf4 Rb8 10.
e4 Nh5 11. Be3 e5 12. dxe5 Nxe5 13. Nxe5 Bxe5 14. f4 Bg7 15. Rac1 Re8 16. Rfd1 Bg4 17. Rd2 Nf6 18. h3 Be6 19. Nd5 Qc8 20. Kh2 Nd7 21. b4 f5 22. Ba7 Ra8 23. Bd4 c6 24. Bxg7 Kxg7 25. Qd4+ Kg8 26. exf5 Bxf5 27. Ne3 Nf8 28.
Nxf5 Qxf5 29. Qxd6 Rad8 30. Qxd8 Rxd8 31. Rxd8 Kg7 32. Re1 Ne6 33. Rd7+ Kh6 34. Re5 Qf6 35. Rd6 Qf8 36. Rdxe6 Qxb4 37. Re7 b5 38. g4 g5 39. R5e6# 1-0

[Event "*** MasterClass Titled Tuesday Blitz"]
[Site "Chess.com"]
[Date "2017.07.04"]
[Round "2"]
[White "Tesla37"]
[Black "BigBoss2702"]
[Result "1-0"]
[WhiteElo "2633"]
[BlackElo "2257"]
[TimeControl "180+2"]
[EndTime "13:22:32 PDT"]
[Termination "Tesla37 won by resignation"]

1. Nf3 d5 2. g3 Nf6 3. Bg2 c6 4. O-O Bg4 5. c4 e6 6. d3 Nbd7 7. Qb3 Qb6 8. Qc2 Be7 9. cxd5 exd5 10. Nc3 O-O 11. Be3 Qa6 12. h3 Bxf3 13. Bxf3 Ne5 14. Bg2 Rad8 15. Bd4 Ned7 16. a3 c5 17. Bxf6 Nxf6 18.
b4 c4 19. d4 Rfe8 20. e3 Qc6 21. Rfe1 Bf8 22. g4 h6 23. Bf3 a6 24. Kg2 Bd6 25.
h4 Bb8 26. Rh1 Ne4 27. Nxe4 dxe4 28. Be2 b5 29. Rh3 Qg6 30. Rg1 f5 31. Kf1 f4 32.
g5 fxe3 33. fxe3 Rf8+ 34. Ke1 Rde8 35. h5 Qe6 36. Bg4 Qd6 37. gxh6 Qxh6 38. Qg2 Re7 39.
Be2 Rf6 40. Qg4 Bc7 41. Qc8+ Kh7 42. Rg6 1-0

[Event "*** MasterClass Titled Tuesday Blitz"]
[Site "Chess.com"]
[Date "2017.07.04"]
[Round "2"]
[White "NMJeevanK"]
[Black "catalin009"]
[Result "1-0"]
[WhiteElo "2346"]
[BlackElo "2270"]
[TimeControl "180+2"]
[EndTime "13:22:39 PDT"]
[Termination "NMJeevanK won by resignation"]

1. e4 e5 2. Nf3 Nc6 3. Bb5 a6 4. Ba4 Nf6 5. O-O Be7 6. Re1 b5 7. Bb3 d6 8. c3 O-O 9. h3 Bb7 10. d4 Re8 11. Nbd2 Nd7 12. Nf1 exd4 13. cxd4 Na5 14.
Bc2 Bf6 15. Ng3 g6 16. Nh2 c5 17. d5 Ne5 18. Rb1 Bc8 19. b3 c4 20. f4 Bh4 21.
Re3 Qb6 22. Kh1 Nd7 23. Rf3 Nf6 24. e5 dxe5 25. fxe5 Rxe5 26. Bb2 Rxd5 27. Qf1 Bb7 28. Bxf6 Bxf6 29. Rxf6 Qc7 30. Ne4 cxb3 31. Bxb3 Nxb3 32. axb3 Re8 33. Rf4 Rd4 34. Nf6+ Kf8 35. Rxd4 1-0

[Event "*** MasterClass Titled Tuesday Blitz"]
[Site "Chess.com"]
[Date "2017.07.04"]
[Round "2"]
[White "DanielRensch"]
[Black "1e41-0"]
[Result "1-0"]
[WhiteElo "2409"]
[BlackElo "2293"]
[TimeControl "180+2"]
[EndTime "13:22:46 PDT"]
[Termination "DanielRensch won by resignation"]

1. e4 e6 2. d4 d5 3. Nc3 Bb4 4. e5 b6 5. a3 Bf8 6. Bb5+ c6 7. Ba4 Ba6 8. Nce2 Ne7 9. c3 Bb5 10. Bc2 c5 11. a4 Ba6 12. Nf3 Nbc6 13.
O-O Qd7 14. Bg5 h6 15. Bh4 Bxe2 16. Qxe2 c4 17. a5 b5 18. a6 Rb8 19. b4 Rb6 20.
Nd2 g6 21. Bf6 Rg8 22. g4 Bg7 23. Bxg7 Rxg7 24. f4 Kd8 25. Nf3 Kc8 26. h3 Qe8 27. Qf2 Qg8 28. Qh4 Qh7 29. Kf2 Kd7 30. Rg1 Qg8 31.
Qxh6 Rh7 32. Qg5 Rxh3 33. Rh1 Qh8 34. Kg2 Rxh1 35. Rxh1 Qg7 36. Qf6 Qxf6 37. exf6 Nc8 38. Rh7 Nd6 39. Ne5+ Nxe5 40. fxe5 Rxa6 41. Bxg6 Ra2+ 42.
Kg3 Ne4+ 43. Bxe4 dxe4 44. Rxf7+ Kc6 45. Kf4 a5 46. Re7 axb4 47. Rxe6+ Kd7 48. Rd6+ Kc7 49.
cxb4 c3 50. d5 Kb7 51. Rc6 Rd2 52. Kxe4 c2 53. f7 Rf2 54. e6 Rg2 55. f8=Q Rxg4+ 56. Ke5 Rc4 57. Qe7+ Kb8 58. Qd8+ Kb7 59. Rb6+ 1-0

[Event "*** MasterClass Titled Tuesday Blitz"]
[Site "Chess.com"]
[Date "2017.07.04"]
[Round "2"]
[White "FearlessKing64"]
[Black "TeukkaSalama"]
[Result "0-1"]
[WhiteElo "2173"]
[BlackElo "2077"]
[TimeControl "180+2"]
[EndTime "13:22:52 PDT"]
[Termination "TeukkaSalama won by checkmate"]

1. e4 c5 2. Nf3 Nf6 3. e5 Nd5 4. Nc3 e6 5. Bc4 Nxc3 6. dxc3 d5 7. exd6 Bxd6 8. O-O O-O 9. Qe2 Nc6 10. Bg5 Qc7 11.
Rad1 b6 12. Bd3 Bb7 13. Qe4 g6 14. Qh4 Ne5 15. Nxe5 Bxe5 16. Rde1 Bg7 17. Re3 f6 18.
Bh6 Rfe8 19. Rg3 f5 20. Re1 c4 21. Bf1 b5 22. Bxg7 Qxg7 23. a4 a6 24. Qd4 e5 25.
Qb6 bxa4 26. Bxc4+ Kh8 27. Rd1 Rab8 28. Qe3 f4 29.
Qe2 fxg3 30. hxg3 e4 31. Rd4 Rbd8 32. Rxd8 Rxd8 33. Bxa6 Bxa6 34. Qxa6 Qd7 35. Kh2 Kg8 36. Qc4+ Qd5 37. Qxa4 Qh5+ 38. Kg1 Rd1# 0-1

[Event "*** MasterClass Titled Tuesday Blitz"]
[Site "Chess.com"]
[Date "2017.07.04"]
[Round "2"]
[White "grobesk"]
[Black "Penguininja"]
[Result "0-1"]
[WhiteElo "2221"]
[BlackElo "2327"]
[TimeControl "180+2"]
[EndTime "13:23:02 PDT"]
[Termination "Penguininja won on time"]

1. d4 d5 2. e4 dxe4 3. Nc3 Nf6 4. f3 e3 5. Bxe3 Bf5 6. Bd3 Bg6 7. Qe2 e6 8. Bxg6 hxg6 9. Qb5+ Nbd7 10. Qxb7 Rb8 11.
Qxa7 Rxb2 12. Nge2 Rxc2 13. Rb1 Nd5 14. Bd2 Nxc3 15.
Bxc3 Qh4+ 16. Kd1 Qf2 17. Kxc2 Qxe2+ 18. Bd2 Qc4+ 19. Bc3 Qe2+ 20. Bd2 Qc4+ 21. Kd1 Ke7 22. d5 Qxd5 23. Qxc7 Kf6 24. Qf4+ Ke7 25. Re1 f6 26. Ke2 Kf7 27. Kf1 Qd3+ 28. Kg1 Bc5+ 29. Be3 Bd6 0-1

[Event "*** MasterClass Titled Tuesday Blitz"]
[Site "Chess.com"]
[Date "2017.07.04"]
[Round "2"]
[White "Godzillator"]
[Black "GianmarcoVaR"]
[Result "0-1"]
[WhiteElo "2261"]
[BlackElo "2420"]
[TimeControl "180+2"]
[EndTime "13:23:06 PDT"]
[Termination "GianmarcoVaR won by resignation"]

1. d4 Nf6 2. c4 e6 3. Nc3 Bb4 4.
Qc2 O-O 5. a3 Bxc3+ 6. Qxc3 d6 7. Bg5 h6 8. Bh4 g5 9. Bg3 Ne4 10. Qc2 f5 11. e3 b6 12. Bd3 Bb7 13. f3 Nf6 14. Ne2 Qe7 15. h4 Nbd7 16. hxg5 hxg5 17. O-O-O Kg7 18. e4 fxe4 19. fxe4 e5 20. d5 Ng4 21. Qd2 Nc5 22. Kb1 Rh8 23. Bc2 Raf8 24. Nc3 Bc8 25. Rdf1 Bd7 26. Bd1 Rxf1 27. Rxf1 Nh6 28. Bh5 Bg4 29. Bxg4 Nxg4 30. Qe2 Nh6 31. Nd1 Rf8 32.
Rxf8 Qxf8 33. Ka2 a5 34. Bf2 Qf4 35. Bxc5 bxc5 36. Nc3 Ng4 37. Nb5 Ne3 38. Nxc7 Qxe4 39. Ne6+ Kg6 40. b3 g4 41. Kb2 g3 42. Kc3 a4 43. b4 cxb4+ 44. axb4 Nxd5+ 45. cxd5 Qxe2 0-1

[Event "*** MasterClass Titled Tuesday Blitz"]
[Site "Chess.com"]
[Date "2017.07.04"]
[Round "2"]
[White "grzechu96"]
[Black "Colombiano07"]
[Result "1-0"]
[WhiteElo "2414"]
[BlackElo "2337"]
[TimeControl "180+2"]
[EndTime "13:23:08 PDT"]
[Termination "grzechu96 won by resignation"]

1. e4 e6 2. d4 d5 3. Nc3 Bb4 4. e5 c5 5. a3 Bxc3+ 6. bxc3 Qa5 7. Bd2 Qa4 8. Qg4 g6 9. Nf3 Ne7 10. Be2 Qxc2 11. dxc5 Qe4 12. Qxe4 dxe4 13. Ng5 Nd7 14. Nxe4 Nxe5 15. Nd6+ Kf8 16. Bh6+ Kg8 17. Ne8 f5 18. Bg7 Nf7 19. Bxh8 Nxh8 20. Nc7 Rb8 21. Rd1 Nf7 22. Bc4 Ng5 23. Rd8+ Kg7 24. Bxe6 Nxe6 25. Nxe6+ Kf6 26. Nf8 Nc6 27. Nd7+ Bxd7 28. Rxd7 Ne5 29.
Rxh7 Nd3+ 30. Ke2 Nxc5 31. Rd1 Re8+ 32. Kf1 Re6 33. Rc7 Na4 34. Rxb7 Nxc3 35. Rc1 Ne2 36.
Re1 Nd4 37. Rxe6+ Kxe6 38. Rxa7 1-0

[Event "*** MasterClass Titled Tuesday Blitz"]
[Site "Chess.com"]
[Date "2017.07.04"]
[Round "2"]
[White "Federtiu"]
[Black "Whateveriov"]
[Result "0-1"]
[WhiteElo "2451"]
[BlackElo "2686"]
[TimeControl "180+2"]
[EndTime "13:23:22 PDT"]
[Termination "Whateveriov won on time"]

1. e4 c5 2. Nf3 d6 3. d4 cxd4 4. Nxd4 Nf6 5. Nc3 a6 6. h3 e5 7.
Nde2 h5 8. Ng1 b5 9. Nf3 Bb7 10.
Ng5 b4 11. Bc4 bxc3 12. Bxf7+ Ke7 13. O-O Nxe4 14. Rb1 Nd2 15. Bxd2 cxd2 16. Qxd2 Qb6 17. Rbd1 Rh6 18. Bb3 Nd7 19. Rfe1 Rf6 20. Re3 g6 21. Nh7 Bh6 22. Nxf6 Nxf6 23. Qd3 Bxe3 24. fxe3 Be4 25. Qd2 Rf8 26. a4 h4 27. a5 Qc5 28. Kh2 Nh5 29. c3 Ng3 30. Ba2 Nf1+ 31. Rxf1 Rxf1 32. b4 Qc8 33. Qe2 Qf5 34. Qxa6 Qf2 35. Qa7+ Kf8 36.
Qb8+ Kg7 37. Qg8+ Kh6 38. Qh8+ Kg5 39. Qd8+ Qf6 40. Qc8 Bxg2 41. Qg4+ Kh6 0-1

[Event "*** MasterClass Titled Tuesday Blitz"]
[Site "Chess.com"]
[Date "2017.07.04"]
[Round "2"]
[White "maheswaran26"]
[Black "1lec"]
[Result "1-0"]
[WhiteElo "2152"]
[BlackElo "2086"]
[TimeControl "180+2"]
[EndTime "13:23:28 PDT"]
[Termination "maheswaran26 won by resignation"]

1. d4 d5 2. c4 c6 3. Nf3 Nf6 4. Nc3 dxc4 5. a4 Bf5 6. e3 e6 7. Bxc4 Bb4 8. O-O O-O 9. Qe2 Nbd7 10. e4 Bg6 11. Bd3 Bh5 12. e5 Nd5 13. Nxd5 cxd5 14.
Qe3 Rc8 15. Ng5 h6 16. Nh3 Bg6 17. Bxg6 fxg6 18. Nf4 Qe8 19. Qb3 a5 20. Nd3 Rc4 21.
Be3 Qe7 22. Rfc1 Rfc8 23. Qd1 Nb6 24. b3 Rc3 25. Nc5 Rxc1 26. Rxc1 Ba3 27. Rc2 Bxc5 28. dxc5 Nd7 29. Qd4 Rc6 30. b4 axb4 31. Qxb4 Nb8 32. Rb2 Rc7 33. Qb6 Nc6 34. h3 g5 35. a5 Nxe5 36.
Qd6 Nc4 37. Qxe7 Rxe7 38. Rb5 Kf8 39. Bd4 e5 40. Bc3 d4 41. Bb4 Rc7 42. c6+ 1-0

[Event "*** MasterClass Titled Tuesday Blitz"]
[Site "Chess.com"]
[Date "2017.07.04"]
[Round "2"]
[White "scrapnel"]
[Black "aspired"]
[Result "1/2-1/2"]
[WhiteElo "2559"]
[BlackElo "2533"]
[TimeControl "180+2"]
[EndTime "13:23:29 PDT"]
[Termination "Game drawn by repetition"]

1. d4 Nf6 2. Nf3 e6 3. Bg5 d5 4. e3 h6 5. Bh4 b6 6. c4 Bb7 7. cxd5 exd5 8. Nc3 a6 9. Bd3 Nbd7 10. O-O Be7 11.
Ne5 O-O 12. f4 Ne4 13. Bxe7 Qxe7 14. Nxe4 dxe4 15. Bc4 Nxe5 16. fxe5 b5 17. Bb3 c5 18. Qg4 Rad8 19. Rad1 Kh8 20. a3 cxd4 21. exd4 Qc7 22. Qg3 f5 23. h4 Bd5 24. Bxd5 Rxd5 25. Qg6 Qd7 26. e6 Qd8 27. h5 Rf6 28. Qg3 Rxe6 29.
Qe3 Red6 30. Rf4 Rxd4 31. Rxd4 Rxd4 32. Rxf5 Rd1+ 33. Kh2 Qh4+ 34. Qh3 Qxh3+ 35. Kxh3 Rd3+ 36.
g3 e3 37. Re5 Rb3 38. Kg4 Kh7 39. Kf4 a5 40. Rxe3 Rxb2 41. Re5 a4 42. g4 b4 43.
axb4 Rxb4+ 44. Kf5 a3 45. Ra5 Rb3 46. Ra8 Rf3+ 47. Ke4 Rh3 48. Kf5 Re3 49. Kf4 Rb3 50. Kf5 Rb5+ 51. Kf4 Rb4+ 52. Kf5 Rb3 53. Kf4 Rc3 54.
Kf5 Rh3 55. Kf4 Rb3 56. Kf5 Rf3+ 57. Ke4 Rg3 58. Kf4 Rb3 59. Kf5 1/2-1/2

[Event "*** MasterClass Titled Tuesday Blitz"]
[Site "Chess.com"]
[Date "2017.07.04"]
[Round "2"]
[White "IamSchrodingersCat"]
[Black "BilodeauA"]
[Result "0-1"]
[WhiteElo "2437"]
[BlackElo "2595"]
[TimeControl "180+2"]
[EndTime "13:23:32 PDT"]
[Termination "BilodeauA won by resignation"]

1. e4 c5 2. Nf3 Nc6 3. d4 cxd4 4.
Nxd4 Nf6 5. Nc3 d6 6. Bg5 e6 7. Qd2 a6 8. O-O-O Bd7 9. f4 b5 10. a3 Qb6 11. e5 dxe5 12. fxe5 Nxe5 13. Qf4 Ng6 14. Qf3 Rd8 15. Bxf6 gxf6 16. Qxf6 Be7 17.
Qf3 O-O 18. h4 Bc8 19. h5 Rxd4 20. hxg6 fxg6 21. Qh3 Rxd1+ 22. Nxd1 Rf7 23. Bd3 Qc5 24. Kb1 e5 25. Qh6 Qc6 26. Nc3 Qxg2 27. Ka2 Be6+ 28. b3 Bg5 29. Be4 Qxe4 30. Nxe4 Bxh6 31. Rxh6 Bf5 32.
Ng5 Rc7 33. c4 bxc4 34. bxc4 e4 35. Rh2 h5 36. Kb3 Kg7 37. Kc3 Kf6 38. Nh3 Be6 39. Rf2+ Ke5 40. Nf4 Rxc4+ 41. Kd2 Bf5 42. Ne2 Ra4 43.
Rf1 Rxa3 44. Rb1 e3+ 0-1

[Event "*** MasterClass Titled Tuesday Blitz"]
[Site "Chess.com"]
[Date "2017.07.04"]
[Round "2"]
[White "SuperCheese"]
[Black "Gabrielian_Artur"]
[Result "0-1"]
[WhiteElo "2416"]
[BlackElo "2562"]
[TimeControl "180+2"]
[EndTime "13:23:32 PDT"]
[Termination "Gabrielian_Artur won by resignation"]

1. d4 Nf6 2. c4 c5 3. d5 e6 4. Nc3 exd5 5. cxd5 d6 6. Nf3 g6 7. Bf4 Bg7 8. Qa4+ Bd7 9. Qb3 b5 10.
a3 Qb6 11. e4 O-O 12. Nd2 c4 13. Qc2 Ng4 14. Bg3 Bd4 15. Nf3 Bg7 16. Be2 Na6 17.
h3 Nf6 18. O-O Rfe8 19. Nd2 Nc5 20. Rfe1 a5 21. Bf1 Rac8 22. Rad1 Nh5 23. Bh2 f5 24. Bxc4 fxe4 25. Be2 Nf6 26. Qb1 Bf5 27. g4 e3 28.
gxf5 exf2+ 29. Kxf2 Nd3+ 30. Kg2 Qf2+ 31. Kh1 Nxe1 32.
Rxe1 b4 33. axb4 axb4 34. Rf1 Qe3 35. Nc4 Qxh3 36. Nxd6 bxc3 37. Nxe8 Rxe8 38. Bf3 c2 39. Qa1 Bh6 40. Bg2 Qd3 41. fxg6 Qxf1+ 42. Qxf1 c1=Q 43.
gxh7+ Kxh7 44. Bc7 Qxf1+ 45. Bxf1 Nxd5 46. Bd3+ Kh8 0-1

[Event "*** MasterClass Titled Tuesday Blitz"]
[Site "Chess.com"]
[Date "2017.07.04"]
[Round "2"]
[White "cstefan"]
[Black "Zufi1811"]
[Result "1-0"]
[WhiteElo "2290"]
[BlackElo "2382"]
[TimeControl "180+2"]
[EndTime "13:23:32 PDT"]
[Termination "cstefan won on time"]

1. Nf3 Nf6 2. g3 d5 3. Bg2 c6 4.
d3 Bf5 5. O-O h6 6. Nbd2 e6 7.
b3 Be7 8. Bb2 Nbd7 9. Qe1 O-O 10. e4 Bh7 11. Qe2 a5 12. a4 Qc7 13. e5 Ne8 14. Ne1 Kh8 15. f4 b5 16. Kh1 bxa4 17.
bxa4 Nc5 18. g4 Rb8 19. Ba3 f6 20. Ndf3 fxe5 21. Nxe5 Bd6 22. N1f3 Rxf4 23. Qe3 Rxf3 24. Nxf3 Nd7 25. Bxd6 Qxd6 26. Rae1 Nc7 27. g5 h5 28.
Bh3 Re8 29. Nh4 g6 30. Rf7 e5 31. Rxd7 Qb4 32. Rf1 Qxh4 33. Rff7 Bg8 34. Qf3 1-0

[Event "*** MasterClass Titled Tuesday Blitz"]
[Site "Chess.com"]
[Date "2017.07.04"]
[Round "2"]
[White "micfel"]
[Black "Grootneus"]
[Result "1-0"]
[WhiteElo "2169"]
[BlackElo "2078"]
[TimeControl "180+2"]
[EndTime "13:23:36 PDT"]
[Termination "micfel won by resignation"]

1. e4 c5 2. Nf3 e6 3. d4 cxd4 4.
Nxd4 a6 5. Nc3 Nf6 6. e5 Ng8 7. Bd3 Qc7 8. Qe2 Bc5 9. Nb3 Bb4 10. Bd2 Nc6 11. f4 d6 12. a3 Bxc3 13. Bxc3 dxe5 14.
fxe5 Nge7 15. Be4 Ng6 16. Bxc6+ Qxc6 17. O-O b5 18. Bb4 Bb7 19. Rad1 Rd8 20. Bd6 Qe4 21. Qf2 Rd7 22. Nc5 Qc6 23. Nxd7 Qxd7 24. Rd4 Bd5 25. h4 h5 26. c3 Qb7 27. a4 Bc4 28. Rfd1 Ne7 29.
axb5 axb5 30. Bxe7 Qxe7 31. Rd8+ Qxd8 32. Rxd8+ Kxd8 33. Qxf7 Re8 34. Qxg7 Re7 35. Qg5 Kd7 36. Qxh5 Rg7 37. Qh6 Rg3 38. Qf4 Rg7 39. Qf6 Rg4 40. Kf2 Bd5 41. g3 b4 42. h5 b3 43. h6 Be4 44. h7 Bxh7 45. Qf7+ Kd8 46. Qxh7 Ra4 47. Qg8+ Kd7 48. Qf7+ Kc6 49. Qe8+ Kc5 50. Qxa4 1-0

[Event "*** MasterClass Titled Tuesday Blitz"]
[Site "Chess.com"]
[Date "2017.07.04"]
[Round "2"]
[White "petrpalachev"]
[Black "162a54f5d"]
[Result "0-1"]
[WhiteElo "2511"]
[BlackElo "2452"]
[TimeControl "180+2"]
[EndTime "13:23:38 PDT"]
[Termination "162a54f5d won by resignation"]

1. d4 Nc6 2. Nf3 d5 3. c4 Bg4 4.
cxd5 Bxf3 5. gxf3 Qxd5 6. e3 e5 7. Nc3 Bb4 8. Bd2 Bxc3 9. bxc3 Qd6 10. Qb3 Rb8 11. Bg2 Nge7 12. O-O O-O 13. f4 exf4 14. e4 Ng6 15. e5 Qd7 16. Qd5 Qg4 17. Kh1 Rbd8 18.
Qe4 Ncxe5 19. Rg1 Nc4 20. Bf3 Qh4 21. Be1 Nd6 22. Qd5 c6 23. Qa5 a6 24. Rd1 Rfe8 25. Qb4 Rd7 26. Bg4 Rdd8 27. a4 Qe7 28. Bf3 Nh4 29. Bg2 Qe2 30. Qb1 Qh5 31. Qd3 Re6 32.
Bd2 Rf6 33. Rde1 Rf8 34. f3 b5 35. axb5 axb5 36. Re2 Nc4 37. Bc1 Qh6 38. Bf1 Nf5 39.
Reg2 g6 40. Qe4 Nfe3 41. Bxc4 Nxg2 42. Bd3 Ne3 43. Qe5 Qh4 44. Bd2 Re6 45. Qc5 Nd5 46.
c4 bxc4 47. Qxc4 Rfe8 48. Be4 Kg7 49. Be1 Qh5 50. Qd3 f5 51. Bxd5 Rxe1 52. Bxc6 Rxg1+ 53. Kxg1 Re7 54. d5 Qg5+ 55. Kf1 Qh4 56. d6 Qe1+ 57. Kg2 Re2+ 58. Kh3 Qf1+ 0-1

[Event "*** MasterClass Titled Tuesday Blitz"]
[Site "Chess.com"]
[Date "2017.07.04"]
[Round "2"]
[White "Noukii"]
[Black "Goala"]
[Result "1-0"]
[WhiteElo "2588"]
[BlackElo "2327"]
[TimeControl "180+2"]
[EndTime "13:23:45 PDT"]
[Termination "Noukii won by resignation"]

1. d4 e6 2. Nf3 Nf6 3. c4 c5 4. d5 exd5 5. cxd5 d6 6. e4 g6 7. Nc3 a6 8. Bg5 Bg7 9. Nd2 O-O 10. a4 Re8 11. Be2 Nbd7 12. O-O h6 13. Bh4 g5 14. Bg3 Ne5 15. h3 Qe7 16. f4 gxf4 17.
Bxf4 Ng6 18. Bg3 Nd7 19. Nc4 Nde5 20. Ne3 Qg5 21. Kf2 f5 22. Nxf5 Bxf5 23. exf5 Ng4+ 24.
hxg4 Qe3+ 25. Ke1 Qxg3+ 26. Kd2 Qe3+ 27. Kc2 Bxc3 28. bxc3 Qxe2+ 29. Qxe2 Rxe2+ 30. Kd3 Rxg2 31. fxg6 Rxg4 32. Rf6 Rf8 33. Raf1 Rxf6 34. Rxf6 h5 35. Rxd6 h4 36. Re6 h3 37. Re1 c4+ 38. Ke3 Rxg6 39.
Kd4 h2 40. Rh1 Rh6 41. Kxc4 Kf8 42. a5 Ke7 43. Kc5 Kd7 44. c4 Rh4 45. Kb6 Kc8 46. c5 Rb4+ 47. Ka7 Rh4 48. d6 Rh8 49. d7+ Kxd7 50.
Kxb7 Ke6 51. c6 Kd6 52. c7 Kc5 53. c8=Q+ Rxc8 54. Kxc8 Kb5 55. Rxh2 1-0

[Event "*** MasterClass Titled Tuesday Blitz"]
[Site "Chess.com"]
[Date "2017.07.04"]
[Round "2"]
[White "Muisback26"]
[Black "joppie2"]
[Result "1-0"]
[WhiteElo "2596"]
[BlackElo "2513"]
[TimeControl "180+2"]
[EndTime "13:24:08 PDT"]
[Termination "Muisback26 won by resignation"]

1. e4 e5 2. Nf3 Nc6 3. Bc4 Bc5 4.
c3 Nf6 5. d3 d6 6. a4 a6 7. Bg5 h6 8. Bh4 Ba7 9. Nbd2 g5 10. Bg3 Bg4 11. Qc2 Qe7 12. h3 Be6 13. O-O-O Nh5 14. Kb1 O-O-O 15. Bd5 f5 16. d4 f4 17.
Bxe6+ Qxe6 18. d5 Qf7 19. dxc6 fxg3 20. cxb7+ Kxb7 21. fxg3 Nxg3 22. Rh2 Ka8 23. Nf1 Qf4 24. Nxg3 Qxg3 25. Rhh1 Rb8 26. Ka2 Rb7 27. Rd2 Rhb8 28. Qd3 h5 29. Qxa6 g4 30. hxg4 hxg4 31. Nh4 Qe3 32.
Re2 Qc5 33. Rd1 c6 34. Nf5 Rb6 35.
Qd3 Qa5 36. Qc4 Ra6 37. Rxd6 Bc5 38. Rd7 Qxa4+ 39. Qxa4 Rxa4+ 40. Kb1 Rb7 41. Rd3 Ka7 42. Rg3 Rd7 43. Rxg4 Rd1+ 44. Kc2 Raa1 45. Rg6 Kb6 46. Re6 Rdc1+ 47. Kb3 Ra5 48. Rxe5 Rb5+ 49. Kc4 Rd1 50. b4 Be7 51. Rxe7 c5 52. Re6+ 1-0